 Dungeon Crawl Stone Soup version 0.28-a0-925-gd5e1996cdb (webtiles) character file.

Game seed: 2652008428951296978

973 mcbry74 the Grappler (level 7, -1/99 HPs)
             Began as a Troll Berserker on Nov 26, 2021.
             Was a Believer of Trog.
             Succumbed to a killer bee's poison
             ... on level 5 of the Dungeon.
             The game lasted 00:09:05 (3102 turns).

mcbry74 the Grappler (Troll Berserker)              Turns: 3102, Time: 00:09:05

Health: -1/99      AC:  4    Str: 27    XL:     7   Next: 94%
Magic:  6/6        EV: 10    Int:  4    God:    Trog [**....]
Gold:   166        SH:  0    Dex:  9    Spells: 6/6 levels left

rFire   . . .      SeeInvis .     - Unarmed
rCold   . . .      Faith    .   (no shield)
rNeg    . . .      Spirit   .   a - +0 animal skin
rPois   .          Reflect  .   (helmet restricted)
rElec   .          Harm     .   (no cloak)
rCorr   .          Rampage  .   (gloves unavailable)
Will    ++...                   (boots unavailable)
Stlth   ..........              (no amulet)
HPRegen 2.06/turn               i - ring of flight
MPRegen 0.10/turn               (no ring)

@: berserking, lethally poisoned (-1 -> -16), strong-willed, flying,
regenerating, very quick
A: large, unfitting armour, claws 3, regeneration 1, shaggy fur 1, tough skin 1
a: Renounce Religion, Berserk, Trog's Hand


You were on level 5 of the Dungeon.
You worshipped Trog.
Trog was pleased with you.
You visited 1 branch of the dungeon, and saw 5 of its levels.

You collected 166 gold pieces.

Inventory:

Hand Weapons
 p - a +2 dire flail of holy wrath
Missiles
 h - 12 poisoned darts (quivered)
Armour
 a - a +0 animal skin (worn)
Jewellery
 i - a ring of flight (left claw)
Wands
 n - a wand of paralysis (8)
Scrolls
 c - a scroll of enchant armour {unknown}
 f - 2 scrolls of magic mapping {unknown}
 g - 3 scrolls of enchant weapon {unknown}
 j - 4 scrolls of identify {unknown}
 k - a scroll of vulnerability {unknown}
 m - 2 scrolls of teleportation {unknown}
Potions
 b - 3 potions of curing {unknown}
 d - a potion of brilliance {unknown}
 e - 2 potions of flight {unknown}
 l - 2 potions of heal wounds {unknown}
 o - a potion of might {unknown}
 q - a potion of invisibility {unknown}
 r - 2 potions of attraction {unknown}


   Skills:
 - Level 2.4 Fighting
 + Level 5.0 Dodging
 * Level 8.1 Unarmed Combat


You had 6 spell levels left.
You didn't know any spells.
Your spell library was empty.

Dungeon Overview and Level Annotations

Branches:
Dungeon (5/15)
 Temple: D:4-7

Altars:
Okawaru
Qazlal


Innate Abilities, Weirdness & Mutations

You are too large for most types of armour.
You have claws for hands.
Your natural rate of healing is unusually fast.
You are covered in fur. (AC +1)
You have tough skin. (AC +1)


Message History

You claw the killer bee!
The killer bee is severely wounded.
You feel very sick.
The killer bee barely misses you. x2; The killer bee closely misses you.
You closely miss the killer bee.
The killer bee is severely wounded.
You feel very sick. The killer bee stings you.
* * * LOW HITPOINT WARNING * * *
The killer bee stings you.
* * * LOW HITPOINT WARNING * * *
You are more poisoned.
The killer bee poisons you!
You mangle the killer bee!!
You kill the killer bee!
Trog accepts your kill.
You feel very sick. The killer bee stings you.
* * * LOW HITPOINT WARNING * * *
You are more poisoned.
The killer bee poisons you!
Your Dodging skill increases to level 5!
You miss the killer bee. Your claw misses the killer bee.
* * * LOW HITPOINT WARNING * * *
You feel very sick. The killer bee stings you.
* * * LOW HITPOINT WARNING * * *
You are more poisoned.
The killer bee poisons you!
You barely miss the killer bee.
* * * LOW HITPOINT WARNING * * *
You feel very sick. The killer bee barely misses you.
You closely miss the killer bee.
* * * LOW HITPOINT WARNING * * *
You feel very sick. The killer bee stings you.
* * * LOW HITPOINT WARNING * * *
You miss the killer bee.
You die...

.. # . # .####
.##.# ...# ..#Z
###.###..
#°....#.# #
###.....#†#
#.#...._.yy@#
###.#.#.....###
#...).#§....#
#.###.###.###
##. #..##.#
#...##..##..
#.....####y
#...##.## .#
##. #.# #


You could see 2 killer bees.

Vanquished Creatures
  Grinder (D:3)
  The ghost of sanka the Chopper, an amateur PaMo (D:3)
  Edmund (D:4)
  2 ogres
  A bullfrog (D:4)
  A scorpion (D:5)
  A killer bee (D:5)
  A bullfrog zombie (D:5)
  2 iguanas
  Natasha (D:4)
  3 adders
  An adder skeleton (D:4)
  2 worms
  An orc (D:5)
  4 ball pythons
  6 bats
  4 endoplasms
  2 giant cockroaches (D:2)
  7 goblins
  6 hobgoblins
  2 quokkas
  2 frilled lizards (D:2)
  3 kobolds
  4 rats
59 creatures vanquished.

Notes
Turn   | Place    | Note
-------+----------+-------------------------------------------
     0 | D:1      | mcbry74 the Troll Berserker began the quest for the Orb.
     0 | D:1      | Reached XP level 1. HP: 22/22 MP: 0/0
   256 | D:1      | Reached XP level 2. HP: 29/29 MP: 1/1
   562 | D:1      | Found a faded altar of an unknown god.
  1068 | D:2      | Reached skill level 4 in Unarmed Combat
  1068 | D:2      | Reached XP level 3. HP: 36/36 MP: 2/2
  1317 | D:2      | Reached ** piety under Trog
  1668 | D:3      | Found a runed translucent door.
  1669 | D:3      | Noticed sanka's ghost (amateur PaMo)
  1681 | D:3      | Killed sanka's ghost
  1682 | D:3      | Reached skill level 5 in Unarmed Combat
  1682 | D:3      | Reached XP level 4. HP: 44/44 MP: 3/3
  1682 | D:3      | Reached XP level 5. HP: 50/50 MP: 4/4
  1708 | D:3      | Noticed Grinder
  1735 | D:3      | Killed Grinder
  1736 | D:3      | Reached skill level 6 in Unarmed Combat
  1736 | D:3      | Reached XP level 6. HP: 34/59 MP: 5/5
  1832 | D:3      | Found an iron altar of Okawaru.
  2186 | D:4      | Noticed Edmund
  2196 | D:4      | Killed Edmund
  2197 | D:4      | Reached XP level 7. HP: 40/66 MP: 6/6
  2361 | D:4      | Reached skill level 7 in Unarmed Combat
  2770 | D:4      | Noticed Natasha
  2777 | D:4      | Killed Natasha
  2860 | D:5      | Entered Level 5 of the Dungeon
  3083 | D:5      | Reached skill level 8 in Unarmed Combat
  3083 | D:5      | Found a stormy altar of Qazlal.
  3099 | D:5      | Reached skill level 5 in Dodging
  3101 | D:5      | HP: 3/99 [killer bee (3)]
  3102 | D:5      | Succumbed to a killer bee's poison

Illustrated notes

Levels and vault maps discovered:
D:1:      dpeg_arrival_brainrot, layout_loops_corners,
          hellmonk_ecumenical_altar_run_dry, chequers_serial_rivers_small_a
D:2:      minmay_spotlight, layout_rooms, serial_corexii_hall,
          corexii_hall_statues_u, chequers_hall_statues_y, minivault_23
D:3:      layout_loops_ring, old_standard_altar, gammafunk_ghost_grave,
          kennysheep_crisscross, uniq_grinder
D:4:      layout_loops_ring, patterned_corridor, uniq_natasha, uniq_edmund
D:5:      layout_loops_ring, grunt_qazlal_clouds, minmay_temple_entry_statues,
          enter_ossuary_3

Skill      XL: |  1  2  3  4  5  6  7 |
---------------+----------------------+-----
Unarmed Combat | 4 5 6 8 |  8.1
Dodging        | 3 4 5 |  5.0
Fighting       | |  2.4

Action                   |  1- 3 |  4- 6 |  7- 9 || total
-------------------------+-------+-------+-------++-------
Melee: Unarmed           |   104 |    25 |    59 ||   188
       Punch             |     1 |       |     3 ||     4
Invok: Trog's Hand       |     1 |     2 |     1 ||     4
       Berserk           |     1 |       |     1 ||     2
Armor: Animal skin       |    47 |     4 |     9 ||    60
Dodge: Dodged            |    58 |     7 |    37 ||   102

Table legend: (Time is in decaauts)
 A = Elapsed time spent in this place.
 B = Non-inter-level travel time spent in this place.
 C = Inter-level travel time spent in this place.
 D = Time resting spent in this place.
 E = Time spent auto-exploring this place.
 F = Levels seen in this place.
 G = Mean time per level.
                   A        B        C        D        E       F      G
               +--------+--------+--------+--------+--------+-----+--------+
         Total |   3090 |   3012 |     78 |     16 |   2362 |   5 |  618.0 |
       Dungeon |   3090 |   3012 |     78 |     16 |   2362 |   5 |  618.0 |
               +--------+--------+--------+--------+--------+-----+--------+

Top non-repeatable levels by time:
     D:1: 961 daAuts
     D:4: 766 daAuts
     D:3: 606 daAuts
     D:2: 521 daAuts
     D:5: 235 daAuts
